 Dungeon Crawl Stone Soup version 0.22.1-1-ga44c0e5 (webtiles) character file.

580 ambether the Ruffian (level 7, -4/60 HPs)
             Began as a Minotaur Monk on Oct 31, 2018.
             Was a Believer of Dithmenos.
             Slain by an ice beast (5 damage)
             ... on level 5 of the Dungeon.
             The game lasted 00:28:41 (3196 turns).

ambether the Ruffian (Minotaur Monk)                Turns: 3196, Time: 00:28:42

Health: -4/60      AC:  6    Str: 16    XL:     7   Next: 13%
Magic:  6/6        EV: 14    Int:  7    God:    Dithmenos [**....]
Gold:   169        SH:  0    Dex: 14    Spells: 6/6 levels left

rFire    . . .     SeeInvis .     - Unarmed
rCold    . . .     Gourm    .   (no shield)
rNeg     . . .     Faith    .   h - +0 leather armour
rPois    .         Spirit   .   (helmet restricted)
rElec    .         Reflect  .   p - +1 cloak
rCorr    .         Harm     .   j - +0 pair of gloves
MR       .....                  (no boots)
Stlth    ++++......             (no amulet)
HPRegen  0.20/turn              a - ring of stealth
MPRegen  0.10/turn              (no ring)

@: berserk cooldown, slowed, wreathed by umbra, very slow
A: retaliatory headbutt, horns 2
a: Shadow Step, Renounce Religion


You were on level 5 of the Dungeon.
You worshipped Dithmenos.
Dithmenos was pleased with you.
You were hungry.

You visited 1 branch of the dungeon, and saw 5 of its levels.

You collected 169 gold pieces.

Inventory:

Hand Weapons
 d - a +0 dagger
 g - a +3 hunting sling of flaming
Missiles
 s - 21 stones (quivered)
Armour
 h - a +0 leather armour (worn)
 j - a +0 pair of gloves (worn)
 p - a +1 cloak (worn)
Magical Staves
 f - an uncursed staff of air {unknown}
Jewellery
 a - a ring of stealth (left hand)
Scrolls
 n - 2 scrolls of immolation
 r - a scroll of blinking {unknown}
Potions
 c - 2 potions of resistance {unknown}
 e - 2 potions of flight
 k - 2 potions of lignification {unknown}
 l - a potion of berserk rage
 q - a potion of mutation {unknown}
Comestibles
 b - 6 rations


   Skills:
 + Level 4.4 Fighting
 + Level 3.2 Armour
 + Level 4.4 Dodging
 + Level 2.6 Stealth
 + Level 6.9 Unarmed Combat


You had 6 spell levels left.
You didn't know any spells.
Your spell library was empty.

Dungeon Overview and Level Annotations

Branches:
Dungeon (5/15)
 Temple: D:4-7

Altars:
Dithmenos
Nemelex Xobeh

Annotations:
D:5 Menkaure


Innate Abilities, Weirdness & Mutations

You reflexively headbutt those who attack you in melee.
You have a pair of horns on your head.


Message History

Items here: ( )) † 2 arrows; a flail; a dagger; an orc corpse The orc throws a tomahawk.
The tomahawk barely misses you.
The orc throws a tomahawk.
The tomahawk barely misses you.
You see here 2 tomahawks.
An ice beast comes into view.
The orc throws a tomahawk.
The tomahawk closely misses you.
The orc throws a tomahawk.
The tomahawk barely misses you.
Menkaure, Prince of Dust comes into view.
There are monsters nearby!
You completely miss the orc. You punch the orc.
The orc is almost dead.
The orc closely misses you. You furiously retaliate!
You headbutt the orc!
You kill the orc!
Dithmenos accepts your kill. The ice beast closely misses you.
You barely miss the ice beast. The ice beast hits you.
* * * LOW HITPOINT WARNING * * *
The ice beast freezes you.
You die...

#############
......(..M..#
......Y.# .#
##.####@# #.# #†#
#.# #.# #.#
##(###.# #...((.#
..####(###o#######
#......(.o(........
##>.#######(######
# #.#


You could see an ice beast.

Vanquished Creatures
  A phantom (D:4)
  An eye of draining (D:4)
  A centaur (D:5)
  A hound (D:4)
  A gnoll shaman (D:4)
  A worker ant (D:4)
  Robin (D:3)
  A howler monkey skeleton (D:4)
  8 gnolls
  4 adders
  An ooze (D:1)
  An adder skeleton (D:4)
  A worm (D:2)
  2 leopard geckos
  4 orcs
  5 bats
  3 giant cockroaches
  17 goblins
  6 hobgoblins
  17 jackals
  2 quokkas
  A ball python (D:1)
  2 frilled lizards
  4 kobolds
  A quokka skeleton (D:4)
  9 rats
96 creatures vanquished.

Notes
Turn   | Place    | Note
-------+----------+-------------------------------------------
     0 | D:1      | ambether the Minotaur Monk began the quest for the Orb.
     0 | D:1      | Reached XP level 1. HP: 19/19 MP: 0/0
   529 | D:1      | Reached XP level 2. HP: 27/27 MP: 1/1
   980 | D:1      | Reached skill level 4 in Unarmed Combat
   980 | D:1      | Reached XP level 3. HP: 24/33 MP: 2/2
  1413 | D:2      | Reached XP level 4. HP: 15/40 MP: 3/3
  1429 | D:2      | Reached skill level 1 in Armour
  2222 | D:3      | Noticed Robin
  2229 | D:3      | Reached XP level 5. HP: 46/46 MP: 4/4
  2261 | D:3      | Killed Robin
  2261 | D:3      | Reached skill level 5 in Unarmed Combat
  2555 | D:4      | Reached XP level 6. HP: 33/52 MP: 5/5
  2771 | D:4      | Found a shadowy altar of Dithmenos.
  2785 | D:4      | Reached skill level 6 in Unarmed Combat
  2792 | D:4      | Became a worshipper of Dithmenos the Shadowed
  2792 | D:4      | Reached * piety under Dithmenos
  2792 | D:4      | Reached ** piety under Dithmenos
  3111 | D:5      | Entered Level 5 of the Dungeon
  3160 | D:5      | Found a sparkling altar of Nemelex Xobeh.
  3185 | D:5      | HP: 1/53 [centaur (3)]
  3186 | D:5      | Reached XP level 7. HP: 1/60 MP: 6/6
  3193 | D:5      | Noticed Menkaure
  3196 | D:5      | HP: 1/60 [ice beast (3)]
  3196 | D:5      | Slain by an ice beast

Skill      XL: |  1  2  3  4  5  6 |
---------------+-------------------+-----
Fighting       | 4 |  4.4
Unarmed Combat | 4 5 6 |  6.9
Stealth        | 2 |  2.6
Armour         | 1 2 3 |  3.2
Dodging        | 4 |  4.4

Action                   |  1- 3 |  4- 6 |  7- 9 || total
-------------------------+-------+-------+-------++-------
Melee: Unarmed           |    91 |   189 |     2 ||   282
       Headbutt          |    13 |    35 |       ||    48
       Punch             |     2 |     3 |     1 ||     6
  Use: Scroll            |       |     6 |       ||     6
       Potion            |       |     2 |       ||     2
 Stab: Sleeping          |     3 |     4 |       ||     7
  Eat: Ration            |     1 |     1 |       ||     2
Armor: Robe              |     6 |       |       ||     6
       Plate armour      |     4 |       |       ||     4
       Leather armour    |     5 |    42 |       ||    47
Dodge: Dodged            |    56 |   109 |     7 ||   172
